| TOP OF THE 1ST |
|
Milwaukee Brewers batting - Pitching for Chicago White Sox : LHP John Candelaria
|
|
Pitching: LHP John Candelaria
|
|
|
Batting: SHB Alfredo Griffin
|
0-0: Foul Ball, location: 2F 0-1: Foul Ball, location: 2F 0-2: Strikes out swinging
|
|
Batting: RHB Thurman Munson
|
0-0: Ball 1-0: Foul Ball, location: 2F 1-1: Ball 2-1: Ball 3-1: Base on Balls
|
|
Batting: RHB Eric Davis
|
0-0: Called Strike 0-1: Called Strike 0-2: Foul Ball, location: 2F 0-2: Strikes out swinging
|
|
Batting: SHB Eddie Murray
|
0-0: Foul Ball, location: 2F 0-1: Foul Ball, location: 2F 0-2: Ball 1-2: Fly out, F8 (Flyball, 8RS, EV 84.4 MPH)
|
| Top of the 1st over - 0 runs, 0 hits, 0 errors, 1 left on base; Milwaukee 0 - Chicago 0 |
| BOTTOM OF THE 1ST |
|
Chicago White Sox batting - Pitching for Milwaukee Brewers : RHP Luis Lopez
|
|
Pitching: RHP Luis Lopez
|
|
|
Batting: SHB Ozzie Smith
|
0-0: Swinging Strike 0-1: Swinging Strike 0-2: Ball 1-2: Ball 2-2: Foul Ball, location: 2F 2-2: SINGLE (Groundball, 34S, EV 75.0 MPH) (infield hit)
|
|
Batting: LHB Rudy Law
|
0-0: Ball 1-0: Called Strike 1-1: Bunt missed! 1-2: Fly out, F7 (Line Drive, 7, EV 105.6 MPH)
|
|
Batting: RHB Steve Henderson
|
0-0: Called Strike Ozzie Smith steals 2nd base (no throw) 0-1: Foul Ball, location: 2F 0-2: Foul Ball, location: 2F 0-2: Strikes out swinging
|
|
Batting: LHB Mitchell Page
|
0-0: Foul Ball, location: 2F 0-1: Ball 1-1: Foul Ball, location: 2F 1-2: Foul Ball, location: 2F 1-2: Strikes out looking
|
| Bottom of the 1st over - 0 runs, 1 hit, 0 errors, 1 left on base; Milwaukee 0 - Chicago 0 |
| TOP OF THE 2ND |
|
Milwaukee Brewers batting - Pitching for Chicago White Sox : LHP John Candelaria
|
|
Batting: LHB Denny Walling
|
0-0: Ball 1-0: Called Strike 1-1: Swinging Strike 1-2: Ball 2-2: Foul Ball, location: 2F 2-2: Ground out 5-3 (Groundball, 5, EV 85.6 MPH)
|
|
Batting: RHB Glenn Davis
|
0-0: Foul Ball, location: 2F 0-1: Ball 1-1: Swinging Strike 1-2: Strikes out swinging
|
|
Batting: RHB Ken Landreaux
|
0-0: Called Strike 0-1: Ball 1-1: Swinging Strike 1-2: SINGLE (Line Drive, 56D, EV 98.8 MPH)
|
|
Batting: RHB Pat Tabler
|
0-0: Called Strike 0-1: Foul Ball, location: 2F 0-2: Ball 1-2: Fielders Choice at 2nd, 5-4 (Groundball, 5, EV 77.5 MPH)
|
| Top of the 2nd over - 0 runs, 1 hit, 0 errors, 1 left on base; Milwaukee 0 - Chicago 0 |
| BOTTOM OF THE 2ND |
|
Chicago White Sox batting - Pitching for Milwaukee Brewers : RHP Luis Lopez
|
|
Batting: SHB Dwayne Taggart
|
0-0: Called Strike 0-1: Ball 1-1: SINGLE (Line Drive, 56D, EV 105.0 MPH)
|
|
Batting: RHB Tim Teufel
|
0-0: Ball Dwayne Taggart steals 2nd base 1-0: Foul Ball, location: 2F 1-1: Ground out 6-3 (Groundball, 6, EV 109.4 MPH)
|
|
Batting: LHB Ryan MacFarland
|
0-0: Called Strike Dwayne Taggart steals 3rd base 0-1: Ball 1-1: Swinging Strike 1-2: Strikes out looking
|
|
Batting: SHB Wayne Tolleson
|
0-0: Foul Ball, location: 2F 0-1: Swinging Strike 0-2: SINGLE (Groundball, 6MD, EV 95.6 MPH) Dwayne Taggart scores
|
|
Batting: RHB Brian Harper
|
0-0: Ground out U3 (Groundball, 34S, EV 86.9 MPH)
|
| Bottom of the 2nd over - 1 run, 2 hits, 0 errors, 1 left on base; Milwaukee 0 - Chicago 1 |
| TOP OF THE 3RD |
|
Milwaukee Brewers batting - Pitching for Chicago White Sox : LHP John Candelaria
|
|
Batting: RHB Brian J Giles
|
0-0: Ball 1-0: Foul Ball, location: 2F 1-1: Swinging Strike 1-2: Foul Ball, location: 2F 1-2: Ball 2-2: Ball 3-2: Fly out, F7 (Flyball, 78M, EV 91.3 MPH)
|
|
Batting: SHB Alfredo Griffin
|
0-0: SINGLE (Groundball, 13S, EV 69.4 MPH) (infield hit)
|
|
Batting: RHB Thurman Munson
|
0-0: Called Strike Alfredo Griffin is caught stealing 2nd base 2-4 0-1: Ground out 6-3 (Groundball, P, EV 91.9 MPH)
|
| Top of the 3rd over - 0 runs, 1 hit, 0 errors, 0 left on base; Milwaukee 0 - Chicago 1 |
| BOTTOM OF THE 3RD |
|
Chicago White Sox batting - Pitching for Milwaukee Brewers : RHP Luis Lopez
|
|
Batting: SHB Ozzie Smith
|
0-0: Ball 1-0: SINGLE (Line Drive, 4MD, EV 105.6 MPH)
|
|
Batting: LHB Rudy Law
|
0-0: Called Strike 0-1: Fly out, F7 (Flyball, 78D, EV 96.9 MPH) Runner from 1st tags up, SAFE at 2nd
|
|
Batting: RHB Steve Henderson
|
0-0: Fly out, F6 (Flyball, 6D, EV 88.1 MPH)
|
|
Batting: LHB Mitchell Page
|
0-0: Called Strike 0-1: SINGLE (Line Drive, 89S, EV 88.1 MPH) Ozzie Smith to third Runner from 3rd tries for Home, SAFE, throw by RF to home
|
|
Batting: SHB Dwayne Taggart
|
0-0: Called Strike 0-1: Foul Ball, location: 2F 0-2: Ball 1-2: Ball 2-2: Strikes out swinging
|
| Bottom of the 3rd over - 1 run, 2 hits, 0 errors, 1 left on base; Milwaukee 0 - Chicago 2 |
| TOP OF THE 4TH |
|
Milwaukee Brewers batting - Pitching for Chicago White Sox : LHP John Candelaria
|
|
Batting: RHB Eric Davis
|
0-0: Foul Ball, location: 2F 0-1: Fly out, F3 (Flyball, 3D, EV 86.9 MPH)
|
|
Batting: SHB Eddie Murray
|
0-0: Called Strike 0-1: Foul Ball, location: 2F 0-2: Ball 1-2: Ball 2-2: SINGLE (Line Drive, 4M, EV 93.8 MPH)
|
|
Batting: LHB Denny Walling
|
0-0: Grounds into double play, 4-6-3 (Groundball, 4, EV 106.9 MPH)
|
| Top of the 4th over - 0 runs, 1 hit, 0 errors, 0 left on base; Milwaukee 0 - Chicago 2 |
| BOTTOM OF THE 4TH |
|
Chicago White Sox batting - Pitching for Milwaukee Brewers : RHP Luis Lopez
|
|
Batting: RHB Tim Teufel
|
0-0: TRIPLE (Line Drive, 8RXD, EV 104.4 MPH)
|
|
Batting: LHB Ryan MacFarland
|
0-0: SINGLE (Groundball, 4D, EV 96.9 MPH) Tim Teufel scores
|
|
Batting: SHB Wayne Tolleson
|
0-0: Ball 1-0: Foul Ball, location: 2F 1-1: Ground out 4-3 (Groundball, 13, EV 89.4 MPH) Ryan MacFarland to second
|
|
Batting: RHB Brian Harper
|
0-0: Called Strike 0-1: Ground out 6-3 (Groundball, 6, EV 88.8 MPH)
|
|
Batting: SHB Ozzie Smith
|
0-0: Ball 1-0: Ball 2-0: Ground out 4-3 (Groundball, 4, EV 91.3 MPH)
|
| Bottom of the 4th over - 1 run, 2 hits, 0 errors, 1 left on base; Milwaukee 0 - Chicago 3 |
| TOP OF THE 5TH |
|
Milwaukee Brewers batting - Pitching for Chicago White Sox : LHP John Candelaria
|
|
Batting: RHB Glenn Davis
|
0-0: Fly out, F9 (Flyball, 9S, EV 91.3 MPH)
|
|
Batting: RHB Ken Landreaux
|
0-0: DOUBLE (Line Drive, 9LD, EV 108.8 MPH)
|
|
Batting: RHB Pat Tabler
|
0-0: Called Strike 0-1: Ball 1-1: Ball 2-1: Swinging Strike 2-2: Ball 3-2: Base on Balls
|
|
Batting: RHB Brian J Giles
|
0-0: Ball 1-0: Swinging Strike 1-1: Swinging Strike 1-2: SINGLE (Line Drive, 4MD, EV 108.8 MPH) Ken Landreaux to third Pat Tabler to second Runner from 3rd tries for Home, SAFE, throw by CF to home
|
|
Batting: SHB Alfredo Griffin
|
0-0: Ball 1-0: Foul Ball, location: 2F 1-1: Swinging Strike 1-2: Ball 2-2: Fielders Choice at 2nd, 1-4 (Groundball, P, EV 74.4 MPH) Pat Tabler to third
|
|
Batting: RHB Thurman Munson
|
0-0: Ball 1-0: Swinging Strike 1-1: Ball 2-1: Ball 3-1: Base on Balls Alfredo Griffin to second
|
|
Batting: RHB Eric Davis
|
0-0: Foul Ball, location: 2F 0-1: SINGLE (Line Drive, 9S, EV 90.6 MPH) Pat Tabler scores Alfredo Griffin to third Thurman Munson to second Runner from 3rd tries for Home, SAFE, throw by RF to home
|
|
Batting: SHB Eddie Murray
|
0-0: Foul Ball, location: 2F 0-1: Ground out 4-3 (Groundball, 34, EV 103.8 MPH)
|
| Top of the 5th over - 3 runs, 3 hits, 0 errors, 2 left on base; Milwaukee 3 - Chicago 3 |
| BOTTOM OF THE 5TH |
|
Chicago White Sox batting - Pitching for Milwaukee Brewers : RHP Luis Lopez
|
|
Batting: LHB Rudy Law
|
0-0: Fly out, F6 (Popup, 6MS, EV 71.3 MPH)
|
|
Batting: RHB Steve Henderson
|
0-0: Called Strike 0-1: Ball 1-1: Called Strike 1-2: Strikes out swinging
|
|
Batting: LHB Mitchell Page
|
0-0: Ball 1-0: Ball 2-0: Called Strike 2-1: Fly out, F8 (Flyball, 78M, EV 90.6 MPH)
|
| Bottom of the 5th over - 0 runs, 0 hits, 0 errors, 0 left on base; Milwaukee 3 - Chicago 3 |
| TOP OF THE 6TH |
|
Milwaukee Brewers batting - Pitching for Chicago White Sox : LHP John Candelaria
|
|
Batting: LHB Denny Walling
|
0-0: Ball 1-0: Called Strike 1-1: Ball 2-1: Ball 3-1: Called Strike 3-2: SINGLE (Groundball, 56D, EV 96.9 MPH)
|
|
Batting: RHB Glenn Davis
|
0-0: Called Strike 0-1: Foul Ball, location: 2F 0-2: Ball 1-2: Strikes out swinging
|
|
Batting: RHB Ken Landreaux
|
0-0: Ball 1-0: Ball 2-0: Ball 3-0: Base on Balls Denny Walling to second
|
|
Batting: RHB Pat Tabler
|
0-0: Ground out 4-3 (Groundball, 13, EV 89.4 MPH) Denny Walling to third Ken Landreaux to second
|
|
Batting: RHB Brian J Giles
|
0-0: Ball 1-0: Called Strike 1-1: Swinging Strike 1-2: Foul Ball, location: 2F 1-2: Ball 2-2: Foul Ball, location: 2F 2-2: Foul Ball, location: 2F 2-2: Strikes out swinging
|
| Top of the 6th over - 0 runs, 1 hit, 0 errors, 2 left on base; Milwaukee 3 - Chicago 3 |
| BOTTOM OF THE 6TH |
|
Chicago White Sox batting - Pitching for Milwaukee Brewers : RHP Luis Lopez
|
|
Batting: SHB Dwayne Taggart
|
0-0: Ball 1-0: Ball 2-0: Ball 3-0: Foul Ball, location: 2F 3-1: SINGLE (Line Drive, 78M, EV 98.1 MPH)
|
|
Batting: RHB Tim Teufel
|
0-0: Ball 1-0: Bunted foul 1-1: Called Strike 1-2: Grounds into double play, 6-4-3 (Groundball, 6, EV 80.0 MPH)
|
|
Batting: LHB Ryan MacFarland
|
0-0: Called Strike 0-1: Fly out, F8 (Line Drive, 8LD, EV 86.3 MPH)
|
| Bottom of the 6th over - 0 runs, 1 hit, 0 errors, 0 left on base; Milwaukee 3 - Chicago 3 |
| TOP OF THE 7TH |
|
Milwaukee Brewers batting - Pitching for Chicago White Sox : LHP John Candelaria
|
|
Pitching: RHP Dickie Noles
|
|
|
Batting: SHB Alfredo Griffin
|
0-0: Ball 1-0: SINGLE (Line Drive, 6MD, EV 96.9 MPH)
|
|
Batting: RHB Thurman Munson
|
0-0: Ball 1-0: Reached on error, E5 (Groundball, 56S, EV 85.0 MPH) Alfredo Griffin to second
|
|
Batting: RHB Eric Davis
|
0-0: Called Strike 0-1: Foul Ball, location: 2F 0-2: Ball 1-2: Ball 2-2: Strikes out swinging
|
|
Batting: SHB Eddie Murray
|
0-0: Ball Alfredo Griffin steals 3rd base 1-0: SINGLE (Groundball, 6MD, EV 98.8 MPH) Alfredo Griffin scores Thurman Munson to second Runner from 2nd tries for 3rd, SAFE, no throw by CF
|
|
Batting: LHB Denny Walling
|
0-0: Called Strike 0-1: Ball 1-1: Foul Ball, location: 2F 1-2: Ball 2-2: Ball 3-2: Foul Ball, location: 2F 3-2: Grounds into double play, 6-4-3 (Groundball, 6, EV 110.0 MPH)
|
| Top of the 7th over - 1 run, 2 hits, 1 error, 1 left on base; Milwaukee 4 - Chicago 3 |
| BOTTOM OF THE 7TH |
|
Chicago White Sox batting - Pitching for Milwaukee Brewers : RHP Luis Lopez
|
|
Batting: SHB Wayne Tolleson
|
0-0: Ball 1-0: Called Strike 1-1: Swinging Strike 1-2: Strikes out swinging
|
|
Batting: RHB Brian Harper
|
0-0: Ground out 6-3 (Groundball, 6, EV 77.5 MPH)
|
|
Batting: SHB Ozzie Smith
|
0-0: Ball 1-0: Ball 2-0: Ground out 3-1 (Groundball, 13, EV 80.0 MPH)
|
| Bottom of the 7th over - 0 runs, 0 hits, 0 errors, 0 left on base; Milwaukee 4 - Chicago 3 |
| TOP OF THE 8TH |
|
Milwaukee Brewers batting - Pitching for Chicago White Sox : RHP Dickie Noles
|
|
Batting: RHB Glenn Davis
|
0-0: Ball 1-0: SINGLE (Line Drive, 8LS, EV 110.0 MPH)
|
|
Batting: RHB Ken Landreaux
|
0-0: Called Strike 0-1: Fly out, F7 (Flyball, 78M, EV 86.9 MPH)
|
|
Batting: RHB Pat Tabler
|
0-0: Swinging Strike 0-1: Ball 1-1: Ball 2-1: Swinging Strike 2-2: Foul Ball, location: 2F 2-2: Ball 3-2: Foul Ball, location: 2F 3-2: Strikes out swinging
|
|
Pitching: RHP Win Remmerswaal
|
|
|
Batting: RHB Brian J Giles
|
0-0: Ball Glenn Davis steals 2nd base 1-0: Fly out, F9 (Line Drive, 9, EV 111.3 MPH)
|
| Top of the 8th over - 0 runs, 1 hit, 0 errors, 1 left on base; Milwaukee 4 - Chicago 3 |
| BOTTOM OF THE 8TH |
|
Chicago White Sox batting - Pitching for Milwaukee Brewers : RHP Luis Lopez
|
|
Batting: LHB Rudy Law
|
0-0: SINGLE (Line Drive, 6D, EV 98.8 MPH)
|
|
Pitching: RHP Carlos Martinez
|
|
|
Batting: RHB Steve Henderson
|
0-0: Ball 1-0: Fly out, F8 (Flyball, 8RM, EV 94.4 MPH)
|
|
Batting: LHB Mitchell Page
|
0-0: Ball 1-0: Called Strike 1-1: Ball 2-1: Ball 3-1: SINGLE (Groundball, 15S, EV 63.8 MPH) (infield hit) Rudy Law to second
|
|
Batting: SHB Dwayne Taggart
|
0-0: Ground out 4-3 (Groundball, 4S, EV 67.5 MPH) Rudy Law to third Mitchell Page to second
|
|
Batting: RHB Tim Teufel
|
0-0: Ball 1-0: Ball 2-0: SINGLE (Line Drive, 6MD, EV 95.0 MPH) Rudy Law scores Mitchell Page to third Runner from 3rd tries for Home, SAFE, throw by CF to home
|
|
Batting: LHB Ryan MacFarland
|
0-0: Ball 1-0: Ball 2-0: Ball 3-0: Base on Balls Tim Teufel to second
|
|
Batting: SHB Wayne Tolleson
|
0-0: Called Strike 0-1: Ball 1-1: Foul Ball, location: 2F 1-2: Ball 2-2: Fielders Choice at 2nd, U6 (Groundball, 4MD, EV 90.0 MPH)
|
| Bottom of the 8th over - 2 runs, 3 hits, 0 errors, 2 left on base; Milwaukee 4 - Chicago 5 |
| TOP OF THE 9TH |
|
Milwaukee Brewers batting - Pitching for Chicago White Sox : RHP Win Remmerswaal
|
|
Pitching: RHP Dave Stewart
|
|
|
Pinch Hitting: LHB Von Hayes
|
0-0: Ball 1-0: Ball 2-0: Swinging Strike 2-1: Ball 3-1: Called Strike 3-2: Base on Balls
|
|
Batting: RHB Thurman Munson
|
0-0: Ball Wild Pitch! Von Hayes to second 1-0: Ball 2-0: Called Strike 2-1: Called Strike 2-2: Strikes out swinging
|
|
Batting: RHB Eric Davis
|
0-0: Ball 1-0: Called Strike 1-1: Ball 2-1: Ball 3-1: Base on Balls
|
|
Pitching: LHP Jim Goetz
|
|
|
Batting: SHB Eddie Murray
|
0-0: Foul Ball, location: 2F 0-1: Fly out, F9 (Flyball, 9D, EV 88.8 MPH) Runner from 2nd tags up, SAFE at 3rd, no throw by RF
|
|
Pinch Hitting: RHB Steve Sax
|
0-0: Ball 1-0: Ground out 4-3 (Groundball, P, EV 85.0 MPH)
|
| Top of the 9th over - 0 runs, 0 hits, 0 errors, 2 left on base; Milwaukee 4 - Chicago 5 |
|